 Seeded DCSS version 0.28.0-61-g67df4f89a8 (webtiles) character file.

Game seed: 13591998346360536447 (custom seed)

152466 tkbsonic5 the Schismatic (level 16, -7/120 HPs)
             Began as a Spriggan Abyssal Knight on Feb 5, 2023.
             Was an Elder of Lugonu.
             Mangled by an orc warlord
             ... wielding a +0 long sword of electrocution
              (26 damage)
             ... on level 1 of the Vaults on Feb 13, 2023.
             The game lasted 05:02:03 (40201 turns).

tkbsonic5 the Schismatic (Spriggan Abyssal Knight) Turns: 40201, Time: 05:02:04

Health: -7/120     AC: 14    Str: 11    XL:     16   Next: 73%
Magic:  17/31      EV: 25    Int: 20    God:    Lugonu [****..]
Gold:   174        SH:  5    Dex: 20    Spells: 1/36 levels left

rFire   . . .      SeeInvis +   U - +7 quick blade (distort)
rCold   . . .      Faith    .   (no shield)
rNeg    . . .      Spirit   .   s - +3 robe of Clouds {*Thunder rCloud rElec}
rPois   .          Reflect  +   x - +2 hat
rElec   +          Harm     .   C - +2 cloak {rCorr}
rCorr   +          Rampage  .   (gloves unavailable)
Will    ++...                   (boots unavailable)
Stlth   ..........              n - amulet of reflection
HPRegen 0.30/turn               O - +4 ring of protection
MPRegen 0.22/turn               j - ring "Hatworch" {+Blink Fly Int+4 Dex+3 Slay+3}

@: berserking, lethally poisoned (-7 -> -11), wereblooded, flying, hasted,
studying 3 skills, very quick
A: very small, no large weapons, unfitting armour, see invisible, speed 3
}: 1/15 runes: gossamer
a: Renounce Religion, Evoke Blink, Depart the Abyss, Bend Space, Banish, Corrupt


You were on level 1 of the Vaults.
You worshipped Lugonu.
Lugonu was greatly pleased with you.
You visited 7 branches of the dungeon, and saw 30 of its levels.
You visited the Abyss 2 times.

You collected 2850 gold pieces.
You spent 2676 gold pieces at shops.

Inventory:

Hand Weapons
 a - a +4 hand crossbow
 i - a +7 war axe of electrocution
 o - a +7 vorpal fustibalus
 H - the +10 hunting sling of Annihilation {vorpal, rF+ Will+}
   (You acquired it on level 8 of the Dungeon)

   Any ammunition fired from it inflicts extra damage upon your enemies.
   rF:        It protects you from fire.
   Will:      It increases your willpower.
 U - a +7 quick blade of distortion (weapon)
Missiles
 d - 727 arrows
 r - 4 poisoned darts
 t - 2 atropa-tipped darts
 A - 230 bolts
 S - 11 sling bullets
 V - a throwing net
 Y - 5 boomerangs of dispersal
Armour
 e - a +2 troll leather armour
 s - the +3 robe of Clouds (worn) {*Thunder rCloud rElec}
   (You found it on level 2 of the Spider Nest)

   It occasionally creates storm clouds above nearby enemies.
   It grants its wearer immunity to clouds.
   rElec:     It insulates you from electricity.
 x - a +2 hat (worn)
 C - a +2 cloak of preservation (worn)
Magical Staves
 v - a staff of death
 J - a staff of conjuration
 Z - a staff of poison
Jewellery
 c - a ring of willpower
 j - the ring "Hatworch" (right hand) {+Blink Fly Int+4 Dex+3 Slay+3}
   (You acquired it on level 1 of the Dungeon)

   [ring of flight]

   Int:       It affects your intelligence (+4).
   Dex:       It affects your dexterity (+3).
   Slay:      It affects your accuracy & damage with ranged weapons and melee
   (+3).
   Fly:       It grants you flight.
   +Blink:    It lets you blink.
 k - a ring of resist corrosion
 l - a ring of protection from fire
 m - a ring of willpower
 n - an amulet of reflection (around neck)
 u - a ring of protection from fire
 y - a ring of protection from fire
 F - a +6 ring of dexterity
 K - a +4 ring of slaying
 O - a +4 ring of protection (left hand)
 R - a +6 ring of intelligence
Wands
 b - a wand of mindburst (8)
 h - a wand of charming (2)
 I - a wand of iceblast (6)
 Q - a wand of acid (7)
Scrolls
 p - 9 scrolls of teleportation
 W - 6 scrolls of identify
 X - 2 scrolls of holy word
Potions
 g - a potion of haste
 B - 6 potions of ambrosia
 D - 5 potions of lignification
 E - 10 potions of curing
 G - 2 potions of brilliance
 L - a potion of berserk rage
 P - 3 potions of might
Miscellaneous
 f - a tin of tremorstones (1/2)
 w - a box of beasts (inert)
 z - a box of beasts (inert)
 T - a phantom mirror (inert)


   Skills:
 * Level 7.2 Fighting
 + Level 7.6 Short Blades
 - Level 11.2 Slings
 - Level 3.1 Bows
 - Level 2.5 Crossbows
 - Level 0.1(5.8) Throwing
 * Level 9.8 Dodging
 * Level 12.3 Stealth
 * Level 10.6 Spellcasting
 * Level 6.0 Conjurations
 * Level 8.2 Hexes
 - Level 6.6 Summonings
 * Level 7.0 Necromancy
 + Level 2.4 Translocations
 * Level 12.1 Transmutations
 * Level 6.8 Fire Magic
 + Level 3.4 Ice Magic
 * Level 6.0 Air Magic
 * Level 2.5 Poison Magic
 * Level 13.0 Invocations
 + Level 8.6 Evocations


You had one spell level left.
You knew the following spells:

 Your Spells              Type           Power      Damage    Failure   Level
a - Static Discharge      Conj/Air       34%        N/A       1%          2
b - Wereblood             Tmut           56%        N/A       1%          2
c - Sticky Flame          Conj/Fire      36%        2d6       4%          4
d - Conjure Flame         Conj/Fire      36%        6-21      1%          3
e - Vampiric Draining     Necr           38%        2d8       1%          3
f - Confusing Touch       Hex            43%        N/A       1%          3
g - Yara's Violent Unrav  Hex/Tmut       25%        3d11      2%          5
h - Flame Wave            Conj/Fire      36%        2d9       4%          4
i - Irradiate             Conj/Tmut      23%        3d21      4%          5
j - Apportation           Tloc           40%        N/A       2%          1
k - Dazzling Flash        Conj/Hex       78%        N/A       1%          3

Your spell library contained the following spells:

 Spells                   Type           Power      Damage    Failure   Level
 Animate Skeleton         Necr           76%        N/A       1%          1
 Foxfire                  Conj/Fire      100%       2x1d9     1%          1
 Pain                     Necr           100%       1d9       1%          1
 Ensorcelled Hibernation  Hex/Ice        66%        N/A       1%          2
 Sublimation of Blood     Necr           38%        N/A       1%          2
 Inner Flame              Hex/Fire       40%        N/A       1%          3
 Dispel Undead            Necr           38%        3d16      3%          4
 Ozocubu's Armour         Ice            24%        N/A       4%          3
 Petrify                  Tmut/Erth      34%        N/A       5%          4
 Alistair's Intoxication  Tmut/Pois      26%        N/A       9%          5
 Agony                    Necr           38%        N/A       10%         5
 Excruciating Wounds      Necr           19%        N/A       10%         5
 Silence                  Hex/Air        19%        N/A       10%         5
 Iskenderun's Mystic Bla  Conj/Tloc      27%        2d7       11%         4
 Leda's Liquefaction      Hex/Erth       13%        N/A       12%         4
 Borgnjor's Vile Clutch   Necr/Erth      12%        N/A       41%         5
 Eringya's Noxious Bog    Tmut/Pois      19%        N/A       45%         6
 Conjure Ball Lightning   Conj/Air       17%        3x3d6     63%         6
 Statue Form              Tmut/Erth      22%        N/A       63%         6
 Lee's Rapid Deconstruct  Erth           5%         3d7*      88%         5
 Enfeeble                 Hex            21%        N/A       88%         7
 Haunt                    Necr/Summ      18%        N/A       98%         7
 Summon Hydra             Summ           18%        N/A       98%         7
 Ozocubu's Refrigeration  Ice            12%        4d7       100%        7
 Discord                  Hex            21%        N/A       100%        8
 Disjunction              Tloc           10%        N/A       100%        8
 Infestation              Necr           19%        N/A       100%        8


Dungeon Overview and Level Annotations

Branches:
Dungeon (15/15)            Temple (1/1) D:6            Lair (6/6) D:8
  Swamp (1/4) Lair:4       Spider (4/4) Lair:4        Slime (0/5) Lair:6
    Orc (2/2) D:10            Elf (0/3) Orc:2        Vaults (1/5) D:13
 Depths (0/4) D:15

Altars:
Elyvilon
Gozag
Hepliaklqana
Okawaru
Qazlal
Sif Muna
Trog
Wu Jian
The Shining One
Beogh

Shops:
D:8 *   D:11 *   Orc:1 *   Orc:2 [[[:   Vaults:1 !(:(

Annotations:
D:3 2 transporters, tkbsonic5's ghost, amateur HOFE
Spider:1 corrupted
Spider:4 corrupted
Vaults:1 corrupted
Abyss:1 Menkaure


Innate Abilities, Weirdness & Mutations

You are very small and have problems with some larger weapons.
You are too small for most types of armour.
You have supernaturally acute eyesight. (SInv)
You cover ground extremely quickly. (Speed+++)


Message History

Confirm with . or Enter, or press ? or * to list all spells.
Your blood is freshly infused with primal strength!
Storm clouds gather above the bone dragon.
Unknown command.
You pass through the gate.
Welcome back to the Vaults!
Level annotation: corrupted A vault sentinel comes into view.
It is wielding a +0 morningstar.
You can no longer gate yourself to the Abyss.
Storm clouds gather above the orc knight.
Storm clouds gather above the vault guard.
The ironbound convoker gestures at the orc warlord while chanting.
The orc warlord seems to grow stronger.
The vault sentinel blows a loud note on a signal horn!
The wizard gestures wildly while chanting.
The wizard flickers and vanishes for a moment.
The orc warlord roars a battlecry!
The orc knight goes into a battle-frenzy!
The vault guard hits you but does no damage.
You are poisoned.
The orc knight is struck by lightning.
The orc knight misses you.
The ironbound convoker hits you with a +0 great mace!
* * * LOW HITPOINT WARNING * * *
Okay, then.
Do you really want to go berserk while wielding the +10 hunting sling of Annihilation {vorpal, rF+ Will+}? [Y]es or [N]o only, please.
Do you really want to go berserk while wielding the +10 hunting sling of Annihilation {vorpal, rF+ Will+}?
Okay, then.
Space warps around you for a moment!
U - a +7 quick blade of distortion (weapon)
Storm clouds gather above the vault warden.
Storm clouds gather above the ironbound frostheart.
You feel sick.
The vault warden activates a sealing rune.
A red film seems to cover your vision as you go berserk!
You feel yourself moving faster!
You feel mighty!
Storm clouds gather above the orc warlord.
You feel sick. You block the vault guard's attack.
The orc warlord hits you with a +0 long sword of electrocution!!
You die...

........................
................c.......
#########+#''###'## ###
#..........# ..##
#..........# ...##
#.########[# ##..#
#...####p(.# ###.#
#....##.p.o# ##.#
##...##po@## ##..#
##...##.pp## #..##
#....##.§pp# ..##
#...####.[?# .##
#.########p# ######
#......pp†[# ..†..#
#...§op).p.# ####.#
####'####### #...# #..#


You could see an orc warlord (strong), a vault warden, a vault guard, an orc
knight (strong), 2 ironbound frosthearts, 2 vault sentinels, an ironbound
convoker and a wizard (invisible).

Vanquished Creatures
  Kirke (D:13)
  3 ghost moths
  2 emperor scorpions
  2 orc warlords (Orc:2)
  An ironbound preserver (D:13)
  A stone giant (D:15)
  A broodmother (Spider:1)
  An ironbound thunderhulk (Vaults:1)
  2 entropy weavers (Spider:4)
  A yaktaur captain (Vaults:1)
  6 boulder beetles
  A great orb of eyes (Vaults:1)
  Erolcha (D:13)
  An ogre mage (Orc:2)
  An ironbound frostheart (Vaults:1)
  A rakshasa (D:14)
  7 hydras
  7 centaur warriors
  4 death knights
  A death scarab (Spider:3)
  7 two-headed ogres
  4 death yaks (Lair:6)
  2 tengu warriors (D:15)
  4 orc high priests (Orc:2)
  Urug (D:13)
  A deep elf knight (D:14)
  2 pharaoh ants
  A skeletal warrior (D:13)
  6 orb spiders (Spider:4)
  2 wizards
  A glowing orange brain (Vaults:1)
  A steelbarb worm (Spider:2)
  5 ironbound convokers (Vaults:1)
  4 orc knights
  2 phantasmal warriors (D:15)
  3 wolf spiders
  4 orc sorcerers (Orc:2)
  11 ugly things
  25 elephants
  6 black mambas
  4 cyclopes
  A manticore (D:14)
  3 moths of wrath
  13 cane toads
  A vault sentinel (Vaults:1)
  4 gargoyles
  Maggie (Lair:2)
  An efreet (D:13)
  3 yaktaurs
  7 komodo dragons
  5 demonic crawlers
  5 rime drakes
  3 freezing wraiths (D:15)
  2 unseen horrors (D:13)
  A polar bear (Lair:4)
  8 trolls
  7 meliai
  11 tarantellas
  17 slime creatures
  7 blink frogs
  A raiju (shapeshifter) (D:9)
  2 centaur simulacra (D:14)
  Sigmund (D:5)
  2 shadows
  50 yaks
  13 jumping spiders
  A wyvern (shapeshifter) (D:11)
  11 culicivoras
  5 wyverns
  7 wraiths
  7 hogs (D:13)
  3 steam dragons
  2 basilisks (D:8)
  23 redbacks
  8 vampire mosquitoes
  Edmund (D:5)
  3 wargs
  An acid dragon (shapeshifter) (D:13)
  17 water moccasins
  A swamp drake (Lair:6)
  41 orc warriors
  3 ice beasts
  A black bear (D:6)
  15 ogres
  3 sky beasts
  15 centaurs
  A kobold brigand (D:10)
  9 bullfrogs
  A wyvern zombie (D:7)
  3 gnoll sergeants
  6 scorpions
  A water moccasin zombie (D:5)
  A hornet simulacrum (D:14)
  12 killer bees
  4 vampire bats (D:13)
  8 wights
  7 electric eels
  3 howler monkeys
  3 jellies
  A bullfrog zombie (D:5)
  2 centaur zombies
  2 hounds
  25 orc priests
  2 gnoll shamans
  4 bullfrog skeletons
  16 iguanas
  Ijyb (D:5)
  6 hell rats
  Natasha (thrice) (D:2)
  10 orc wizards
  A killer bee zombie (D:7)
  3 hound skeletons
  2 howler monkey zombies
  8 adders
  18 gnolls
  A howler monkey skeleton (D:6)
  4 river rats (D:13)
  A white imp (D:5)
  2 ufetubi
  2 adder skeletons (D:4)
  3 worms
  6 dart slugs
  72 orcs
  9 bats
  8 endoplasms
  8 giant cockroaches
  10 hobgoblins
  5 jackals
  14 kobolds
  3 quokkas
  8 ball pythons
  A frilled lizard (D:2)
  4 goblins
  15 rats
  A spectral hobgoblin (D:4)
  A starspawn tentacle (Spider:4)
819 creatures vanquished.

Vanquished Creatures (collateral kills)
  A boulder beetle (D:14)
  A hydra (Lair:4)
  A centaur warrior (D:14)
  A two-headed ogre (Orc:2)
  A death yak (Lair:6)
  A fire crab (Lair:6)
  A swamp dragon (Lair:6)
  A vault sentinel (Vaults:1)
  A black mamba (Lair:6)
  A torpor snail (Spider:2)
  A hornet (D:8)
  2 meliai
  4 blink frogs (Lair:6)
  2 culicivoras
  A basilisk (Lair:6)
  4 vampire mosquitoes (D:14)
  A water moccasin (Lair:4)
  3 centaurs (D:14)
  A bullfrog (D:8)
  3 hell rats (Lair:6)
  2 foxfires
34 creatures vanquished.

Vanquished Creatures (others)
  An emperor scorpion (Spider:4)
  A vault warden (Vaults:1)
  A ghost moth (Spider:4)
  A broodmother (Spider:4)
  2 spark wasps (Spider:4)
  2 ironbound frosthearts (Vaults:1)
  A radroach (Spider:1)
  A pharaoh ant (Spider:1)
  A sun moth (Spider:4)
  2 orb spiders (Spider:4)
  A steelbarb worm (Spider:1)
  4 orc knights (Vaults:1)
  2 wizards
  5 wolf spiders
  2 ugly things (Vaults:1)
  A moth of wrath (Spider:1)
  A black mamba (Lair:4)
  A vault sentinel (Vaults:1)
  2 torpor snails (Spider:1)
  3 demonic crawlers
  3 meliai (Spider:1)
  6 hornets (Spider:4)
  13 tarantellas
  5 slime creatures (Vaults:1)
  11 jumping spiders
  3 culicivoras (Spider:1)
  22 redbacks
  A spatial vortex (Spider:4)
  104 foxfires
  56 fungi
  67 plants
  25 starspawn tentacles
351 creatures vanquished.

Grand Total: 1204 creatures vanquished

Notes
Turn   | Place    | Note
-------+----------+-------------------------------------------
     0 | Abyss:1  | tkbsonic5 the Spriggan Abyssal Knight began the quest for
                  | the Orb.
     0 | Abyss:1  | Reached XP level 1. HP: 11/11 MP: 3/3
    64 | Abyss:1  | Noticed a glowing orange brain
   114 | Abyss:1  | Noticed a golden eye
   120 | D:1      | Escaped the Abyss
   195 | D:1      | Reached skill level 1 in Stealth
   338 | D:1      | Reached skill level 2 in Invocations
   343 | D:1      | Reached XP level 2. HP: 16/16 MP: 4/4
   900 | D:1      | Reached XP level 3. HP: 19/19 MP: 5/5
   905 | D:1      | Reached ** piety under Lugonu
   994 | D:1      | Learned a level 2 spell: Static Discharge
  1298 | D:2      | Identified 2 scrolls of acquirement
  1300 | D:2      | Acquired a +1 rapier of venom
  1475 | D:1      | Acquired the ring "Hatworch" {+Blink Fly Int+4 Dex+3
                  | Slay+3}
  1527 | D:2      | Reached skill level 1 in Spellcasting
  1754 | D:2      | Found a faded altar of an unknown god.
  1929 | D:2      | Noticed Natasha
  1941 | D:2      | Killed Natasha
  1942 | D:2      | Reached XP level 4. HP: 19/23 MP: 5/7
  2116 | D:2      | Acquired a +5 vorpal fustibalus
  2156 | D:2      | Noticed Natasha
  2170 | D:2      | Killed Natasha
  2538 | D:2      | Noticed Natasha
  2551 | D:2      | Killed Natasha
  2552 | D:2      | Reached skill level 1 in Slings
  2552 | D:2      | Reached XP level 5. HP: 24/27 MP: 8/8
  2678 | D:3      | Found a glowing golden altar of the Shining One.
  2719 | D:3      | You are sucked into a shaft and drop 3 floors!
  2837 | D:6      | Noticed a black bear
  2860 | D:6      | Noticed an ice beast
  2882 | D:6      | Noticed a sky beast
  2891 | D:6      | Noticed a sky beast
  2933 | D:6      | Found a staircase to the Ecumenical Temple.
  2954 | Temple   | Entered the Ecumenical Temple
  3129 | D:5      | Entered Level 5 of the Dungeon
  3203 | D:4      | Found a hazy altar of Hepliaklqana.
  3246 | D:4      | Reached skill level 3 in Invocations
  3253 | D:4      | Reached skill level 1 in Evocations
  3270 | D:4      | Acquired a manual of Crossbows
  3323 | D:4      | Reached XP level 6. HP: 19/32 MP: 10/10
  3516 | D:3      | Identified the +1 whip of Eternal Harmony {flame, rElec
                  | Int+2}
  3580 | D:3      | Learned a level 2 spell: Wereblood
  3604 | D:3      | Found a transporter.
  3607 | D:3      | Noticed tkbsonic5's ghost (amateur HOFE)
  3662 | D:3      | Reached *** piety under Lugonu
  3778 | D:3      | Found a transporter.
  4303 | D:4      | Reached skill level 1 in Transmutations
  4610 | D:5      | Noticed Ijyb
  4661 | D:5      | Reached XP level 7. HP: 35/35 MP: 11/11
  4696 | D:5      | Killed Ijyb
  4992 | D:5      | Reached skill level 4 in Invocations
  4995 | D:5      | Reached skill level 5 in Stealth
  5023 | D:5      | Reached XP level 8. HP: 32/40 MP: 13/13
  5058 | D:5      | Reached skill level 5 in Dodging
  5125 | D:5      | Noticed Edmund
  5138 | D:5      | Killed Edmund
  5284 | D:5      | Noticed Sigmund
  5286 | D:5      | Killed Sigmund
  5326 | D:5      | Found a shimmering blue altar of Sif Muna.
  5497 | D:5      | Found an opulent altar of Gozag.
  5506 | D:5      | Found a stormy altar of Qazlal.
  5566 | D:5      | Found an iron altar of Okawaru.
  5606 | D:5      | Noticed Menkaure
  5610 | D:5      | Banished Menkaure
  5611 | D:5      | Reached skill level 5 in Invocations
  6080 | D:6      | Reached skill level 5 in Slings
  6131 | D:6      | Reached skill level 5 in Transmutations
  6433 | D:6      | Reached XP level 9. HP: 45/45 MP: 15/15
  6782 | D:6      | Reached skill level 1 in Air Magic
  7198 | D:6      | Reached skill level 1 in Conjurations
  7282 | D:7      | Reached skill level 6 in Invocations
  7739 | D:7      | Learned a level 4 spell: Sticky Flame
  7747 | D:7      | Learned a level 7 spell: Summon Hydra
  7852 | D:7      | Found an ornate altar of the Wu Jian Council.
  8186 | D:8      | Reached **** piety under Lugonu
  8222 | D:8      | Reached skill level 1 in Fire Magic
  8235 | D:8      | Reached skill level 1 in Summonings
  8342 | D:8      | Found Kiqy Okk's Assorted Antiques.
  8360 | D:8      | Reached skill level 5 in Spellcasting
  8388 | D:8      | Bought a scroll of identify for 56 gold pieces
  8388 | D:8      | Bought a scroll labelled JICAKA SUNO for 28 gold pieces
  8388 | D:8      | Bought a knobbly diamond ring for 140 gold pieces
  8388 | D:8      | Bought a cloak for 126 gold pieces
  8444 | D:8      | Reached XP level 10. HP: 49/49 MP: 18/18
  8521 | D:8      | Reached skill level 7 in Invocations
  8791 | D:8      | Found a staircase to the Lair.
  9015 | D:8      | Found a bloodstained altar of Trog.
  9307 | D:8      | Acquired the +10 hunting sling of Annihilation {vorpal, rF+
                  | Will+}
  9309 | D:8      | Acquired a book of Necromancy
  9311 | D:8      | Acquired a staff of conjuration
  9317 | D:8      | Learned a level 3 spell: Vampiric Draining
  9493 | D:9      | Learned a level 1 spell: Foxfire
  9567 | D:9      | Reached skill level 5 in Short Blades
  9571 | D:9      | Reached skill level 1 in Necromancy
  9598 | D:9      | Found the +8 storm bow {elec, penet}
 10086 | D:9      | Learned a level 3 spell: Conjure Flame
 10091 | D:9      | Learned a level 4 spell: Flame Wave
 10168 | D:10     | Entered Level 10 of the Dungeon
 10559 | D:10     | Reached XP level 11. HP: 54/54 MP: 9/21
 10822 | D:10     | Reached skill level 5 in Evocations
 10847 | D:10     | Reached skill level 8 in Invocations
 11047 | D:10     | Found a staircase to the Orcish Mines.
 11081 | D:10     | Reached ***** piety under Lugonu
 11113 | D:10     | Noticed a seven-headed hydra
 11134 | D:10     | Killed a seven-headed hydra
 11141 | D:10     | Noticed a two-headed ogre
 11156 | D:10     | Killed a two-headed ogre
 11809 | D:11     | Noticed an eight-headed hydra
 11817 | D:11     | Killed an eight-headed hydra
 11915 | D:11     | Noticed a two-headed ogre
 11944 | D:11     | Killed a two-headed ogre
 12499 | D:11     | Noticed a two-headed ogre
 12514 | D:11     | Killed a two-headed ogre
 12563 | D:11     | Found Reiheab's General Store.
 12566 | D:11     | Bought Sif Muna's Grimoire of Cold and the Voyage for 408
                  | gold pieces
 12570 | D:11     | Learned a level 3 spell: Inner Flame
 12670 | Lair:1   | Entered Level 1 of the Lair of Beasts
 12743 | Lair:1   | Found a dark tunnel.
 13178 | Lair:1   | Got the Almanac of Evil Secrets
 13212 | Lair:1   | Learned a level 2 spell: Ensorcelled Hibernation
 13543 | Lair:2   | Reached XP level 12. HP: 58/58 MP: 13/23
 13564 | Lair:2   | Reached skill level 9 in Invocations
 14241 | Lair:2   | Reached skill level 1 in Hexes
 14306 | Lair:2   | Noticed Maggie
 14325 | Lair:2   | Killed Maggie
 15287 | Lair:3   | Reached skill level 5 in Fighting
 16920 | Lair:4   | Reached XP level 13. HP: 62/63 MP: 19/26
 16970 | Lair:4   | Found a hole to the Spider Nest.
 18080 | Lair:4   | Found a staircase to the Swamp.
 19398 | Lair:6   | Entered Level 6 of the Lair of Beasts
 19491 | Lair:6   | Reached skill level 10 in Invocations
 19500 | Lair:6   | Reached ****** piety under Lugonu
 19801 | Lair:6   | Found a staircase to the Slime Pits.
 19819 | Lair:6   | Reached skill level 5 in Summonings
 19819 | Lair:6   | Reached skill level 5 in Fire Magic
 19861 | Lair:6   | Reached skill level 5 in Necromancy
 19861 | Lair:6   | Reached skill level 1 in Ice Magic
 20331 | Lair:6   | Reached skill level 5 in Hexes
 20494 | Lair:6   | Reached skill level 5 in Conjurations
 21380 | Lair:6   | Reached skill level 1 in Bows
 21380 | Lair:6   | Reached skill level 10 in Transmutations
 21539 | Lair:6   | Reached XP level 14. HP: 69/69 MP: 27/27
 21546 | Lair:6   | Learned a level 5 spell: Agony
 24046 | D:13     | Noticed Urug
 24075 | D:13     | Reached skill level 10 in Slings
 24099 | D:13     | Killed Urug
 24410 | D:11     | Bought a scroll of acquirement for 624 gold pieces
 24410 | D:11     | Bought 21 sling bullets for 126 gold pieces
 24410 | D:11     | Acquired a +4 quick blade
 24415 | D:11     | Identified a +6 quick blade of distortion (a +4 quick blade
                  | corrupted by Lugonu)
 24415 | D:11     | Received a gift from Lugonu
 24641 | D:13     | Reached skill level 11 in Invocations
 25197 | D:13     | Found a gate to the Vaults.
 25197 | D:13     | Noticed an ironbound preserver
 25257 | D:13     | Killed an ironbound preserver
 25334 | D:13     | Noticed Kirke
 25346 | D:13     | Killed Kirke
 25669 | D:13     | Noticed Erolcha
 25680 | D:13     | Killed Erolcha
 26574 | D:14     | Reached skill level 10 in Stealth
 26681 | D:14     | Learned a level 3 spell: Confusing Touch
 27246 | D:14     | Reached XP level 15. HP: 74/74 MP: 21/29
 27949 | D:15     | Entered Level 15 of the Dungeon
 28289 | D:15     | Learned a level 5 spell: Yara's Violent Unravelling
 28997 | D:15     | Reached skill level 5 in Air Magic
 29161 | D:15     | Found a white marble altar of Elyvilon.
 29202 | D:15     | Reached skill level 12 in Invocations
 29250 | D:15     | Found a staircase to the Depths.
 29266 | D:15     | Reached skill level 1 in Crossbows
 29416 | D:15     | Learned a level 5 spell: Irradiate
 29533 | Orc:1    | Entered Level 1 of the Orcish Mines
 29533 | Orc:1    | Found Bucsurua's General Store.
 30038 | Orc:2    | Entered Level 2 of the Orcish Mines
 30615 | Orc:2    | Found Alasek's Book Shop.
 30668 | Orc:2    | Bought a book of Chaos for 700 gold pieces
 30675 | Orc:2    | Found Taqieheg's Antique Armour Boutique.
 31448 | Orc:2    | Noticed an orc warlord
 31482 | Orc:2    | Killed an orc warlord
 31617 | Orc:2    | Found Jij Sur's Antique Armour Shoppe.
 31778 | Orc:2    | Learned a level 1 spell: Apportation
 31802 | Orc:2    | Noticed an orc warlord
 31836 | Orc:2    | Killed an orc warlord
 31837 | Orc:2    | Reached skill level 10 in Spellcasting
 31915 | Orc:2    | Found Fomogynk's Antique Armour Shop.
 32379 | Orc:2    | Found a staircase to the Elven Halls.
 33020 | Spider:1 | Entered Level 1 of the Spider Nest
 33079 | Spider:1 | Corrupted Spider:1
 33079 | Spider:1 | Noticed a tentacled starspawn
 33116 | Spider:1 | Noticed a Hell Sentinel
 33278 | Spider:1 | Learned a level 3 spell: Dazzling Flash
 34003 | Spider:2 | Reached XP level 16. HP: 79/79 MP: 28/31
 34532 | Spider:2 | Reached skill level 1 in Poison Magic
 35116 | Spider:2 | Found the +3 robe of Clouds {*Thunder rCloud rElec}
 35641 | Spider:2 | Identified the +7 chain mail of Qiysimoa {rN+}
 35762 | Spider:3 | Found a frozen archway.
 35787 | Spider:3 | Reached skill level 1 in Translocations
 37431 | Spider:4 | Entered Level 4 of the Spider Nest
 38464 | Spider:4 | Corrupted Spider:4
 38464 | Spider:4 | Noticed a tentacled starspawn
 38477 | Spider:4 | Noticed an Executioner
 38688 | Spider:4 | Got a gossamer rune of Zot
 38791 | Lair:4   | Upgraded the game from 0.28.0-56-g4927b6849a to
                  | 0.28.0-61-g67df4f89a8
 38820 | Swamp:1  | Entered Level 1 of the Swamp
 39038 | Vaults:1 | Entered Level 1 of the Vaults
 39172 | Vaults:1 | Found Zaukki's Distillery.
 39173 | Vaults:1 | Found Qunylyc's Antique Weapon Boutique.
 39179 | Vaults:1 | Bought a potion of curing for 36 gold pieces
 39179 | Vaults:1 | Bought a potion of curing for 36 gold pieces
 39179 | Vaults:1 | Bought a potion of curing for 36 gold pieces
 39179 | Vaults:1 | Bought a potion of lignification for 36 gold pieces
 39179 | Vaults:1 | Bought a potion of curing for 36 gold pieces
 39179 | Vaults:1 | Bought 2 potions of heal wounds for 120 gold pieces
 39179 | Vaults:1 | Bought a potion of lignification for 36 gold pieces
 39179 | Vaults:1 | Bought a potion of invisibility for 96 gold pieces
 39179 | Vaults:1 | Bought a potion of curing for 36 gold pieces
 39181 | Vaults:1 | Found Aridyan's Weapon Shop.
 39242 | Vaults:1 | Found Fapt's Book Emporium.
 39272 | Vaults:1 | Corrupted Vaults:1
 39289 | Vaults:1 | Noticed a tentacled starspawn
 39742 | Vaults:1 | Found a magical portal.
 39807 | Vaults:1 | Learned a level 4 spell: Flame Wave
 40074 | Vaults:1 | Reached skill level 13 in Invocations
 40117 | Abyss:1  | Noticed a bone dragon
 40172 | Abyss:1  | Noticed a bone dragon
 40199 | Vaults:1 | Escaped the Abyss
 40201 | Vaults:1 | Mangled by an orc warlord

Illustrated notes

Levels and vault maps discovered:
D:1:      wander_arrival_fairy_ring, layout_basic, chequers_serial_rivers_room_a
D:2:      layout_loops_ring, shapermc_ecumenical_altar_venn, uniq_natasha
D:3:      layout_loops_ring, mainiacjoe_overflow_chevrons,
          gammafunk_ghost_arena, hangedman_glass_teeth
D:4:      layout_basic, nicolae_hepliaklqana_monster_ancestors,
          due_unseen_surprise
D:5:      layout_basic, lemuel_doored_altar, overflow_temple_1_default,
          amethyst_overflow_temple_binary, minmay_manual_mess, uniq_ijyb,
          uniq_edmund, uniq_sigmund, uniq_menkaure
D:6:      layout_layer_cave, minmay_temple_entry_hall
D:7:      layout_basic, nicolae_wu_jian_immortal_techniques
D:8:      layout_rooms, lightli_temple_of_fire, minmay_lair_entry_grove,
          serial_shops, shop
D:9:      layout_cave_pools, grunt_decor_clamped
D:10:     minmay_diamond_stairs, layout_basic
D:11:     layout_gridville, serial_shops, kennysheep_mini_moat
D:12:     layout_loops_corners, lightli_corner_chamber
D:13:     layout_rooms, skrybe_vaults_entry_preservation, fountainhead,
          hangedman_parallel_progression, uniq_kirke, uniq_urug, uniq_erolcha
D:14:     layout_basic, nicolae_wwwww, minmay_pinched_square
D:15:     grunt_enter_depths_snipers, layout_long_grid, elyvilon_altar_5
Temple:   jpeg_temple_clearing
Lair:1:   layout_loops_ring, nicolae_volcano_entry_hallway, st_stairs_7
Lair:2:   layout_loops_ring, infiniplex_staircase_pool, uniq_maggie
Lair:3:   layout_hall_layers
Lair:4:   layout_loops_ring, minmay_swamp_entry_worms, spider_nest_entry_webs,
          lemuel_old_faithful, grunt_megastairs_3
Lair:5:   layout_regular_city
Lair:6:   guppyfry_lair_end_dragon, layout_gridlike, wormcave,
          minmay_slime_entry_pillars
Swamp:1:  layout_falls_marsh, evilmike_swamp_ruin_house_2,
          nicolae_swamp_treefoil, swamp_pool1, nicolae_swamp_well_well_well
Spider:1: layout_spider_delve, drop_trap
Spider:2: layout_spider_delve
Spider:3: layout_spider_delve, portal_ice_cave_entry_pillars_four,
          spiders_nest_ghost_moth_duel
Spider:4: spider_rune_water, nicolae_spider_orb_run
Orc:1:    layout_caves, serial_shops, shop
Orc:2:    pubby_orc_utopia, serial_shops
Vaults:1: infiniplex_enter_wizlab_water, v_misc_2, ontoclasm_vaults_hangar,
          nicolae_vaults_network_square, grunt_vaults_twisty,
          grunt_vaults_trifunnel, hangedman_vaults_maws, vaults_dpeg_diagonal,
          nicolae_vaults_network_quinsquares
          [nicolae_vaults_network_quincunx_subvault,
          nicolae_vaults_network_quincunx_subvault,
          nicolae_vaults_network_quincunx_subvault,
          nicolae_vaults_network_quincunx_subvault], v_misc_17,
          vaults_dpeg_encased_lava, nicolae_vaults_circle_grid_a,
          vaults_dpeg_ring, layout_vaults_omnicross, serial_shops, statue_bzr,
          nicolae_shop_trees, shop, nicolae_square_shop,
          nicolae_shop_statue_plus

Skill      XL: |  1  2  3  4  5  6  7  8  9 10 11 12 13 14 15 16 |
---------------+-------------------------------------------------+-----
Stealth        | 1 2 3 4 5 6 7 8 9 10 11 12 | 12.3
Invocations    | 2 3 4 5 6 7 8 9 10 11 12 13 | 13.0
Spellcasting   | 1 2 3 5 6 7 8 9 10 | 10.6
Slings         | 1 2 4 5 6 7 8 9 10 11 | 11.2
Dodging        | 4 5 6 7 8 9 |  9.8
Evocations     | 1 2 3 4 5 6 7 8 |  8.6
Short Blades   | 3 4 5 6 7 |  7.6
Transmutations | 2 3 5 6 7 8 9 10 11 12 | 12.1
Fighting       | 3 4 5 6 7 |  7.2
Air Magic      | 2 3 4 5 6 |  6.0
Conjurations   | 1 2 3 4 5 6 |  6.0
Fire Magic     | 1 2 3 4 5 6 |  6.8
Summonings     | 1 2 3 4 5 6 |  6.6
Necromancy     | 1 3 4 5 6 7 |  7.0
Hexes          | 3 5 6 7 8 |  8.2
Ice Magic      | 1 2 3 |  3.4
Bows           | 1 2 3 |  3.1
Crossbows      | 1 2 |  2.5
Poison Magic   | 2 |  2.5
Translocations | 2 |  2.4
Throwing       | |  0.1

Action                   |  1- 3 |  4- 6 |  7- 9 | 10-12 | 13-15 | 16-18 || total
-------------------------+-------+-------+-------+-------+-------+-------++-------
Melee: Short sword       |    84 |       |       |       |     5 |       ||    89
       Punch             |     2 |       |       |       |     7 |     8 ||    17
       Rapier            |    28 |    74 |    44 |    14 |    31 |       ||   191
       Whip              |       |       |     8 |       |       |       ||     8
       Dagger            |       |       |     8 |       |       |       ||     8
       Staff             |       |       |       |       |     1 |       ||     1
       Quick blade       |       |       |       |       |   221 |   343 ||   564
 Fire: Fustibalus        |       |    35 |   132 |   381 |   127 |     1 ||   676
       Hunting sling     |       |    13 |       |   108 |   732 |    90 ||   943
       Shortbow          |       |       |    10 |    38 |   108 |       ||   156
       Hand crossbow     |       |       |       |       |     7 |     1 ||     8
Throw: Dart              |    18 |     3 |     2 |     1 |    30 |    52 ||   106
       Throwing net      |       |       |       |       |     1 |       ||     1
 Cast: Wereblood         |       |     1 |     5 |    20 |    17 |    10 ||    53
       Static Discharge  |       |       |     2 |       |     4 |     4 ||    10
       Foxfire           |       |       |       |    32 |    34 |       ||    66
       Conjure Flame     |       |       |       |    29 |    45 |    10 ||    84
       Inner Flame       |       |       |       |    24 |    55 |     3 ||    82
       Sticky Flame      |       |       |       |     5 |    33 |    10 ||    48
       Ensorcelled Hiber |       |       |       |     3 |    60 |       ||    63
       Flame Wave        |       |       |       |       |     7 |     3 ||    10
       Vampiric Draining |       |       |       |       |    13 |     2 ||    15
       Confusing Touch   |       |       |       |       |    37 |    51 ||    88
       Agony             |       |       |       |       |     2 |       ||     2
       Irradiate         |       |       |       |       |    12 |     2 ||    14
       Apportation       |       |       |       |       |     9 |    15 ||    24
       Yara's Violent Un |       |       |       |       |     8 |     2 ||    10
       Dazzling Flash    |       |       |       |       |     5 |    23 ||    28
Invok: Bend Space        |       |     1 |       |     1 |     8 |    18 ||    28
       Banish            |       |       |     1 |       |     5 |     3 ||     9
       Brand Weapon With |       |       |       |       |     1 |       ||     1
       Corrupt           |       |       |       |       |     1 |     2 ||     3
       Depart the Abyss  |       |       |       |       |       |     1 ||     1
       Enter the Abyss   |       |       |       |       |       |     1 ||     1
 Abil: Evoke Blink       |       |       |       |       |       |     2 ||     2
Evoke: Wand              |       |    16 |    22 |     4 |    76 |    16 ||   134
       Box of beasts     |       |       |       |       |     4 |     2 ||     6
       Tin of tremorston |       |       |       |       |     5 |     1 ||     6
       Phantom mirror    |       |       |       |       |     1 |     2 ||     3
  Use: Scroll            |     4 |     7 |     4 |    18 |    20 |     9 ||    62
       Potion            |       |     3 |     1 |     2 |     6 |    20 ||    32
 Stab: Distracted        |     2 |     2 |       |       |     1 |       ||     5
       Sleeping          |     2 |     5 |       |       |    24 |     4 ||    35
       Confused          |       |       |       |       |    22 |    28 ||    50
       Invisible         |       |       |       |       |     1 |     8 ||     9
       Betrayed ally     |       |       |       |       |       |     1 ||     1
Armor: Robe              |     9 |     4 |     5 |     5 |    12 |    27 ||    62
       Skin              |       |       |     7 |       |       |     9 ||    16
       Troll leather arm |       |       |       |       |    30 |    18 ||    48
Dodge: Dodged            |    82 |    67 |    87 |    91 |   264 |   189 ||   780
Block: Other             |       |       |    16 |    20 |    53 |    40 ||   129
       Reflection        |       |       |     3 |     6 |     8 |     2 ||    19
